 Dungeon Crawl Stone Soup version 0.32-a0-699-g1ee5eff69a (webtiles) character file.

Game seed: 14627356828823237667

2443 cojito the Fighter (level 9, -2/105 HPs)
             Began as an Oni Wanderer on Mar 13, 2024.
             Was an Initiate of Yredelemnul.
             Succumbed to a hornet's poison
             ... on level 6 of the Dungeon.
             The game lasted 00:12:22 (5549 turns).

cojito the Fighter (Oni Wanderer)                   Turns: 5549, Time: 00:12:22

Health: -2/105     AC:  4    Str: 24    XL:     9   Next: 49%
Magic:  1/19       EV:  9    Int: 18    God:    Yredelemnul [......]
Gold:   288        SH:  0    Dex:  7    Spells: 6/10 levels left

rFire   . . .        d - +2 morningstar (protect)
rCold   . . .        (no shield)
rNeg    . . .        e - +0 robe
rPois   .            (helmet restricted)
rElec   .            c - +0 cloak
rCorr   .            (gloves unavailable)
SInv    .            (boots unavailable)
Will    .....        w - amulet of guardian spirit
Stlth   +            k - ring of magical power
HPRegen 0.37/turn    v - +6 ring of intelligence
MPRegen 0.16/turn

%: guardian spirit
@: lethally poisoned (-2 -> -8), slowed, wreathed by umbra, very slow
A: large, unfitting armour, horns 1, tough skin 1, double potion healing,
drunken brawling
a: Renounce Religion, Light the Black Torch, Recall Undead Harvest


You were on level 6 of the Dungeon.
You worshipped Yredelemnul.
Yredelemnul was noncommittal.
You visited 2 branches of the dungeon, and saw 8 of its levels.
You also visited: Sewer.

You collected 310 gold pieces.
You spent 22 gold pieces at shops.

Inventory:

Hand Weapons
 a - a +2 mace
 b - a +0 hand axe
 d - a +2 morningstar of protection (weapon)
 l - the +3 hand axe of Due Proportion {freeze, rElec rPois Will+ Int-4}
   (You found it on level 2 of the Dungeon)

   Int-4:     It affects your intelligence (-4).
   rElec:     It insulates you from electricity.
   rPois:     It protects you from poison.
   Will+:     It increases your willpower.
 x - a +2 whip of flaming
Armour
 c - a +0 cloak (worn)
 e - a +0 robe (worn)
 A - the orb of Compassion {*channel, rPois Int+3}
   (You found it on level 4 of the Dungeon)

   Int+3:     It affects your intelligence (+3).
   rPois:     It protects you from poison.
Jewellery
 k - a ring of magical power (left hand)
 v - a +6 ring of intelligence (right hand)
 w - an amulet of guardian spirit (around neck)
 B - an amulet of magic regeneration
Talismans
 o - a blade talisman
Wands
 D - a wand of polymorph (5)
 E - a wand of flame (17)
Scrolls
 f - a scroll of amnesia {unknown}
 g - a scroll of fear {unknown}
 h - 4 scrolls of silence {unknown}
 j - 2 scrolls of teleportation {unknown}
 m - a scroll of summoning {unknown}
 t - 2 scrolls of enchant weapon {unknown}
 u - a scroll of vulnerability {unknown}
 y - a scroll of revelation {unknown}
 C - a scroll of noise {unknown}
Potions
 n - 3 potions of haste
 r - a potion of resistance
 s - 2 potions of brilliance
 F - a potion of attraction


   Skills:
 + Level 11.2 Fighting
 - Level 1.6(5.4) Axes
 + Level 8.2(8.3) Maces & Flails
 + Level 5.4 Dodging
 - Level 1.4 Stealth
 - Level 1.2 Spellcasting
 + Level 0.0 Alchemy
 + Level 0.0 Invocations


You had 6 spell levels left.
You knew the following spells:

 Your Spells              Type           Power      Damage    Failure   Level
a - Olgreb's Toxic Radia  Alch           1%         N/A       89%         4

Your spell library contained the following spells:

 Spells                   Type           Power      Damage    Failure   Level
 Freeze                   Ice            4%         1d3       21%         1
 Sting                    Conj/Alch      4%         1d3       21%         1
 Blink                    Tloc           2%         N/A       30%         2
 Cigotuvi's Dreadful Rot  Necr/Alch/Air  2%         N/A       30%         2
 Lesser Beckoning         Tloc           2%         N/A       30%         2
 Mercury Vapours          Alch/Air       2%         N/A       30%         2
 Momentum Strike          Conj/Tloc      2%         3d8       30%         2
 Frozen Ramparts          Ice            2%         1d1       52%         3
 Hailstorm                Conj/Ice       1%         3d5       52%         3
 Ignite Poison            Fire/Alch      1%         N/A       89%         4
 Freezing Cloud           Conj/Ice/Air   0%         6-21      99%         5


Dungeon Overview and Level Annotations

Branches:
Dungeon (7/15)             Temple (1/1) D:6           Sewer (visited)

Altars:
Ashenzari
Dithmenos
Elyvilon
Fedhas
Gozag
Hepliaklqana
Kikubaaqudgha
Makhleb
Nemelex Xobeh
Okawaru
Ru
Sif Muna
Uskayaw
Vehumet
Wu Jian
Xom
Yredelemnul
Zin
The Shining One

Shops:
D:5 *

Annotations:
D:7 Maggie


Innate Abilities, Weirdness & Mutations

You are too large for most types of armour.
You have a pair of small horns on your head.
You have tough skin. (AC +1)
You gain doubled healing and magic from potions.
Whenever you drink a healing potion, you attack all around you.


Message History

Unknown command.
Aiming: Throw Flame
Press: ? - help, Shift-Dir - straight line, f - hornet
Aim: a hornet (severely wounded, 52% to hit)
The puff of flame hits the hornet.
The hornet is severely wounded.
You feel sick.
You are no longer poisoned.
Aiming: Throw Flame
Press: ? - help, Shift-Dir - straight line, f/p - hornet
Aim: a hornet (severely wounded, umbra, 52% to hit)
The puff of flame hits the hornet.
The hornet is almost dead.
The hornet barely misses you.
You miss the hornet. Your headbutt misses the hornet.
The hornet is almost dead.
The hornet stings you!
* * * LOW HITPOINT WARNING * * *
You feel as though you will be slow longer.
The hornet closely misses you.
The hornet stings you but does no damage.
You hit the hornet.
Your weapon exudes an aura of protection.
You headbutt the hornet, but do no damage.
The hornet is almost dead.
The hornet stings you.
* * * LOW HITPOINT WARNING * * *
You suddenly lose the ability to move!
The hornet stings you but does no damage.
The hornet stings you!
* * * LOW HITPOINT WARNING * * *
You are lethally poisoned!
You shrug off the repeated paralysis!
You can move again.
Unknown command.
Unknown command.
You closely miss the hornet.
The hornet is almost dead.
You die...
Your body rises from the dead as a mindless zombie.

#.# ##...## #....... ##.##
##'## ####.### ##...# #.#
#..## ###....## #.# #...#
#.......######.## ####...#
#.#Z###.........## ##....#..
#.#Z# #..........#####..#.###.
#.#.###..####...###...##..###.
#.#...>.....y@.......##...##..
#.#####..#####..#...##....##.#
#........#####..##..###.>..#..
#######.........###.###.....#.
##.......## #..#...##...
#######.# ##....####.. #.#
####..####. #.#########....#.
########### #.##........#...#


You could see a hornet.

Vanquished Creatures
  Pikel (D:4)
  A water moccasin (D:6)
  An ice beast (D:6)
  A sky beast (D:6)
  3 ogres
  A lemure (D:4)
  A kobold brigand (D:6)
  2 bullfrogs (Sewer)
  6 scorpions
  A bombardier beetle (D:5)
  A hound (D:5)
  2 jellies
  4 orc priests
  5 iguanas
  5 orc wizards
  Robin (D:2)
  5 gnolls
  8 adders
  A river rat (D:3)
  A shadow imp (D:6)
  A white imp (D:4)
  2 ufetubi (D:6)
  10 dart slugs
  3 ribbon worms
  14 orcs
  13 endoplasms
  11 giant cockroaches
  10 goblins
  11 hobgoblins
  9 kobolds
  7 quokkas
  10 ball pythons
  4 bats
  9 frilled lizards (Sewer)
  12 rats
177 creatures vanquished.

Vanquished Creatures (collateral kills)
  A hound (D:6)
1 creature vanquished.

Grand Total: 178 creatures vanquished

Notes
Turn   | Place    | Note
-------+----------+-------------------------------------------
     0 | D:1      | cojito the Oni Wanderer began the quest for the Orb.
     0 | D:1      | cojito set off with the following items: a +2 mace, a +0
                  | hand axe, a +0 cloak, a potion of berserk rage, a +0 robe.
     0 | D:1      | Reached XP level 1. HP: 19/19 MP: 2/2
   130 | D:1      | Reached skill level 2 in Fighting
   130 | D:1      | Reached XP level 2. HP: 26/28 MP: 3/3
   619 | D:1      | Reached XP level 3. HP: 34/36 MP: 4/4
   723 | D:1      | Reached skill level 3 in Fighting
   763 | D:1      | Reached skill level 1 in Dodging
   952 | D:3      | Found a glowing drain.
   968 | D:3      | Reached XP level 4. HP: 30/45 MP: 5/5
   983 | Sewer    | Entered a sewer
  1273 | Sewer    | Reached XP level 5. HP: 43/54 MP: 6/6
  1330 | Sewer    | Reached skill level 4 in Fighting
  1361 | Sewer    | Reached skill level 5 in Fighting
  1361 | Sewer    | Reached XP level 6. HP: 31/66 MP: 7/7
  1571 | D:2      | Identified the +3 hand axe of Due Proportion {freeze, rElec
                  | rPois Will+ Int-4}
  1830 | D:2      | Noticed Robin
  1856 | D:2      | Killed Robin
  1983 | D:2      | Found a shimmering altar of Xom.
  2400 | D:3      | Reached skill level 6 in Fighting
  2400 | D:3      | Reached XP level 7. HP: 75/75 MP: 8/8
  2963 | D:4      | Reached skill level 7 in Fighting
  3160 | D:4      | Identified the orb of Compassion {*channel, rPois Int+3}
  3224 | D:4      | Noticed Pikel
  3245 | D:4      | Killed Pikel
  3246 | D:4      | Reached skill level 8 in Fighting
  3246 | D:4      | Reached XP level 8. HP: 41/91 MP: 6/9
  3584 | D:4      | Reached skill level 9 in Fighting
  4008 | D:5      | Entered Level 5 of the Dungeon
  4302 | D:5      | Reached skill level 10 in Fighting
  4302 | D:5      | Reached XP level 9. HP: 76/101 MP: 10/10
  4464 | D:5      | Found Xayvvowu's General Store.
  4472 | D:5      | Bought a scroll of identify for 22 gold pieces
  4637 | D:6      | Found a staircase to the Ecumenical Temple.
  4657 | D:6      | Reached skill level 5 in Dodging
  4666 | Temple   | Entered the Ecumenical Temple
  4689 | Temple   | Became a worshipper of Yredelemnul the Fallen
  4979 | D:6      | Reached skill level 11 in Fighting
  5485 | D:6      | Learned a level 4 spell: Olgreb's Toxic Radiance
  5486 | D:7      | Noticed Maggie
  5486 | D:7      | Noticed a hornet
  5528 | D:7      | Paralysed by a hornet for 2 turns
  5537 | D:6      | Paralysed by a hornet for 1 turns
  5547 | D:6      | Paralysed by a hornet for 2 turns
  5548 | D:6      | HP: 1/105 [hornet (7)]
  5549 | D:6      | Succumbed to a hornet's poison

Illustrated notes

Levels and vault maps discovered:
D:1:      lemuel_arrival_rhombus, layout_loops_corners
D:2:      layout_basic, basic_altar, minmay_rat_gold_closets, uniq_robin
D:3:      layout_rooms, portal_sewer_entry_c, dk_noncrumbling_2
D:4:      layout_basic, uniq_pikel
D:5:      layout_loops_ring, serial_shops, shop
D:6:      layout_loops_corners, minmay_temple_entry_wispy
D:7:      layout_rooms, uniq_maggie, uniq_crazy_yiuf_cottage
Temple:   nicolae_temple_bog_church

Skill      XL: |  1  2  3  4  5  6  7  8  9 |
---------------+----------------------------+-----
Fighting       | 2 3 5 6 8 10 11 | 11.2
Dodging        | 1 2 4 5 |  5.4
Maces & Flails | 6 7 8 |  8.2
Axes           | |  1.6
Stealth        | |  1.4
Spellcasting   | |  1.2

Action                     |  1- 3 |  4- 6 |  7- 9 || total
---------------------------+-------+-------+-------++-------
  Melee: Mace              |    69 |   135 |       ||   204
         Headbutt          |    10 |    19 |    34 ||    63
         Hand axe          |       |    59 |       ||    59
         Morningstar       |       |       |   220 ||   220
  Throw: Throwing net      |       |       |     2 ||     2
 Invoke: Light the Black T |       |       |     1 ||     1
  Evoke: Wand              |       |       |     2 ||     2
    Use: Potion            |       |     1 |     1 ||     2
         Scroll            |       |       |     7 ||     7
   Stab: Sleeping          |     2 |     2 |     2 ||     6
 Armour: Robe              |    80 |   156 |   182 ||   418
  Dodge: Dodged            |    44 |    72 |   111 ||   227

Table legend: (Time is in decaauts)
 A = Elapsed time spent in this place.
 B = Non-inter-level travel time spent in this place.
 C = Inter-level travel time spent in this place.
 D = Time resting spent in this place.
 E = Time spent auto-exploring this place.
 F = Levels seen in this place.
 G = Mean time per level.
                   A        B        C        D        E       F      G
               +--------+--------+--------+--------+--------+-----+--------+
         Total |   5620 |   5286 |    334 |    465 |   3490 |   9 |  624.4 |
       Dungeon |   5131 |   4829 |    302 |    330 |   3438 |   7 |  733.0 |
        Temple |     34 |      2 |     32 |      0 |      0 |   1 |   34.0 |
         Sewer |    454 |    454 |      0 |    135 |     52 |   1 |  454.0 |
               +--------+--------+--------+--------+--------+-----+--------+

Top non-repeatable levels by time:
     D:4: 1154 daAuts
     D:6: 911 daAuts
     D:1: 868 daAuts
     D:3: 824 daAuts
     D:2: 756 daAuts
     D:5: 608 daAuts
   Sewer: 454 daAuts
  Temple: 34 daAuts
     D:7: 7 daAuts
